 Dungeon Crawl Stone Soup version 0.22-a0-348-gd16d139 (webtiles) character file.

6352 operationiv the Grappler (level 10, -14/104 HPs)
             Began as a Troll Monk on Apr 11, 2018.
             Was a Priest of Yredelemnul.
             Demolished by a death yak (17 damage)
             ... on level 9 of the Dungeon.
             The game lasted 00:13:35 (8157 turns).

operationiv the Grappler (Troll Monk)               Turns: 8157, Time: 00:13:35

Health: -14/104    AC:  8    Str: 23 (26) XL:     10   Next: 65%
Magic:  11/11      EV: 15    Int:  7 (9)  God:    Yredelemnul [***...]
Gold:   576        SH:  0    Dex: 15 (18) Spells: 9/9 levels left

rFire    . . .     SeeInvis .     - Unarmed
rCold    x . .     Gourm    +   (no shield)
rNeg     + . .     Faith    .   A - +0 troll leather armour {Purgy}
rPois    .         Spirit   .   (helmet restricted)
rElec    .         Reflect  .   C - +0 cloak
rCorr    .         Harm     .   (gloves unavailable)
MR       .....     Rnd*Tele +   (boots unavailable)
Stlth    +++.......             (no amulet)
HPRegen  1.07/turn              P - ring "Wezuler" {rC- rN+ Str+3 Int+3}
MPRegen  0.12/turn              K - ring of teleportation (curse) {+/*tele, !d}

@: agile
A: large, unfitting armour, claws 3, fast metabolism 3, gourmand, regeneration
1, shaggy fur 1, tough skin 2
a: Recall Undead Slaves, Injury Mirror, Animate Dead, Renounce Religion


You were on level 9 of the Dungeon.
You worshipped Yredelemnul.
Yredelemnul was most pleased with you.
You were completely stuffed.

You visited 2 branches of the dungeon, and saw 10 of its levels.
You also visited: Sewer.

You collected 576 gold pieces.

Inventory:

Hand Weapons
 c - a +2 whip of draining
   (You took it off a kobold on level 1 of the Dungeon)
 f - a +1 whip of venom
   (You found it on level 1 of the Dungeon)
 o - a +2 hand axe of freezing
   (You found it on level 3 of the Dungeon)
 p - a +0 mace of protection
   (You took it off an orc on level 3 of the Dungeon)
 B - a +2 short sword of speed
   (You took it off a kobold on level 9 of the Dungeon)
 E - a +0 whip of draining
   (You took it off a big kobold on level 7 of the Dungeon)
 G - a +2 shortbow of velocity
   (You took it off a centaur on level 7 of the Dungeon)
 I - a cursed -1 short sword
   (You found it on level 7 of the Dungeon)
 J - a +1 vampiric dagger {!w}
   (You took it off an orc wizard on level 7 of the Dungeon)
 L - a +1 dagger of flaming
   (You took it off an orc wizard on level 8 of the Dungeon)
 O - a +0 long sword of holy wrath
   (You found it on level 8 of the Dungeon)
Armour
 A - a +0 troll leather armour (worn) {Purgy}
   (You found it in a sewer)
 C - a +0 cloak (worn)
   (You found it on level 6 of the Dungeon)
Jewellery
 K - a cursed ring of teleportation (right claw) {+/*tele, !d}
   (You found it on level 7 of the Dungeon)
 P - the ring "Wezuler" (left claw) {rC- rN+ Str+3 Int+3}
   (You found it on level 9 of the Dungeon)

   [ring of positive energy]

   It affects your strength (+3).
   It affects your intelligence (+3).
   It makes you vulnerable to cold.
   It protects you from negative energy.
Wands
 a - a wand of flame (30)
   (You found it on level 5 of the Dungeon)
 t - a wand of paralysis (17)
   (You found it on level 6 of the Dungeon)
 M - a wand of random effects (24)
   (You found it on level 8 of the Dungeon)
Scrolls
 h - 9 scrolls of identify {unknown}
 j - 5 scrolls of teleportation {unknown}
 l - a scroll of amnesia {unknown}
 m - 2 scrolls of blinking {unknown}
 n - 6 scrolls of remove curse {unknown}
 r - a scroll of immolation {unknown}
 x - 3 scrolls of fear {unknown}
 y - 2 scrolls of random uselessness {unknown}
 z - a scroll of enchant armour {unknown}
 H - a scroll of torment {unknown}
 Q - a scroll of fog {unknown}
Potions
 d - 4 potions of curing
 g - a potion of berserk rage {unknown}
 i - 2 potions of flight {unknown}
 k - a potion of lignification {unknown}
 q - a potion of magic {unknown}
 u - a potion of ambrosia {unknown}
 v - a potion of mutation {unknown}
 w - a potion of agility
Comestibles
 b - 15 rations {@e1}


   Skills:
 + Level 8.2 Fighting
 - Level 2.0 Maces & Flails
 + Level 7.0 Throwing
 - Level 2.4 Dodging
 - Level 1.0 Stealth
 - Level 10.0 Unarmed Combat
 + Level 3.8 Invocations


You had 9 spell levels left.
You didn't know any spells.

Dungeon Overview and Level Annotations

Branches:
Dungeon (9/15)             Temple (1/1) D:6            Lair (0/6) D:9
    Orc: D:9-12

Altars:
Ashenzari
Cheibriados
Dithmenos
Elyvilon
Fedhas
Gozag
Hepliaklqana
Kikubaaqudgha
Makhleb
Nemelex Xobeh
Okawaru
Qazlal
Ru
Sif Muna
Trog
Uskayaw
Vehumet
Wu Jian
Xom
Yredelemnul
Zin
The Shining One

Annotations:
D:2 1 runed door


Innate Abilities, Weirdness & Mutations

You are too large for most types of armour.
You have claws for hands.
Your metabolism is lightning-fast.
You like to eat raw meat.
Your natural rate of healing is unusually fast.
You are covered in fur. (AC +1)
You have very tough skin. (AC +2)


Message History

The quokka barely misses you.
You scratch the quokka but do no damage.
The quokka closely misses you.
You mangle the quokka!!
You kill the quokka!
Yredelemnul accepts your kill.
There are monsters nearby!
The death yak bellows!
The death yak gores you!!
The death yak snorts and paws the ground.
Things that are here:
2 tomahawks; a worker ant corpse You take 19 damage, and have 85/104 hp.
There are monsters nearby!
You claw the death yak! The death yak gores you.
You take 5 damage, and have 80/104 hp.
You regained 2 hp, and now have 84/104 hp.
You barely miss the death yak.
The death yak gores you but does no damage.
You mangle the death yak!! You claw the death yak.
The death yak gores you but does no damage.
You claw the death yak! The death yak gores you!
You take 9 damage, and have 76/104 hp.
You scratch the death yak but do no damage.
You claw the death yak! The death yak gores you!!
You take 19 damage, and have 58/104 hp.
Okay, then.
You claw the death yak! The death yak gores you!
You take 16 damage, and have 42/104 hp.
You claw the death yak!
You kill the death yak!
Yredelemnul accepts your kill.
Your Fighting skill increases to level 8!
Your Invocations skill increases to level 3!
You feel much better. The death yak gores you!!
You claw the death yak!
The death yak gores you but does no damage.
You scratch the death yak but do no damage.
The death yak gores you!
You take 9 damage, and have 36/104 hp.
You scratch the death yak.
The death yak gores you but does no damage.
You feel much better. The death yak barely misses you.
You regained 28 hp, and now have 65/104 hp.
You claw the death yak! You mangle the death yak!!
The death yak barely misses you.
You mangle the death yak!! The death yak gores you.
You take 2 damage, and have 65/104 hp.
MP restored: 11 You scratch the death yak.
The death yak gores you!!
You take 22 damage, and have 43/104 hp.
MASSIVE DAMAGE!!
You claw the death yak!
The death yak gores you but does no damage.
You claw the death yak!
You kill the death yak!
Yredelemnul accepts your kill.
Your Throwing skill increases to level 7!
You scratch the death yak but do no damage.
The death yak barely misses you.
You claw the death yak!
You claw the death yak, but do no damage.
The death yak barely misses you.
You barely miss the death yak. The death yak gores you!
You take 7 damage, and have 39/104 hp.
You barely miss the death yak. The death yak misses you.
You barely miss the death yak. The death yak gores you!
* * * LOW HITPOINT WARNING * * *
You take 15 damage, and have 25/104 hp.
It was a potion of curing.
You feel better. The death yak gores you!
* * * LOW HITPOINT WARNING * * *
You regained 3 hp, and now have 28/104 hp.
You completely miss the death yak. You scratch the death yak.
The death yak barely misses you.
You mangle the death yak!!
The death yak gores you but does no damage.
It was a potion of agility.
You feel agile all of a sudden. The death yak barely misses you.
You scratch the death yak. The death yak closely misses you.
You scratch the death yak but do no damage.
The death yak gores you!
* * * LOW HITPOINT WARNING * * *
You take 10 damage, and have 23/104 hp.
You claw the death yak! Your claw misses the death yak.
You scratch the death yak.
You claw the death yak, but do no damage.
The death yak closely misses you.
You claw the death yak! The death yak gores you!!
* * * LOW HITPOINT WARNING * * *
You take 22 damage, and have 2/104 hp.
MASSIVE DAMAGE!!
It was a potion of degeneration.
There was something very wrong with that liquid.
You feel weakened.
You feel dopey.
You feel clumsy. The death yak gores you!
You die...
Your body rises from the dead as a mindless zombie.

.# #.........'.####.........#
.# #.........### ######'#.## ##
########+## ##..#.# #.......#
#..##.# #####.########
#.###.#### #............#
#......... #............#
####+........
#............######..........##
#....)...(((.Y@...#(...........
#............####.'.......#.#..
#............# ###..<.......#.
#............# #.).)....>.).
#######.###### #......#.....
##...# ###...#..#.... #[.###
##...##....#... #.##
#####......#.......
####+########..........#.......


You could see a death yak.

Vanquished Creatures
  2 death yaks (D:9)
  A hippogriff (D:9)
  Grinder (D:3)
  Sigmund (D:3)
  A wyvern (D:4)
  The ghost of pooptown the Skirmisher, an amateur HOFi (D:3)
  Menkaure (D:4)
  3 orc warriors
  Purgy (Sewer)
  A black bear (D:7)
  A phantom (D:4)
  4 sky beasts
  3 ice beasts
  3 ogres
  2 centaurs
  2 big kobolds
  Blork the orc (D:4)
  2 bullfrogs
  A gnoll sergeant (D:9)
  A wyvern skeleton (D:9)
  4 scorpions
  6 killer bees (D:9)
  A quasit (D:6)
  2 crimson imps
  A bullfrog zombie (D:5)
  6 hounds
  7 orc priests
  2 bullfrog skeletons (D:5)
  A centaur skeleton (D:5)
  Jessica (D:3)
  10 orc wizards
  Ijyb (D:4)
  An iguana (D:6)
  Natasha (twice) (D:2)
  8 worker ants
  A hound zombie (D:9)
  A hound skeleton (D:4)
  A worker ant zombie (D:8)
  Robin (D:2)
  5 gnolls
  A river rat (D:5)
  15 adders
  4 shadow imps
  2 adder skeletons (D:5)
  3 worms
  2 dart slugs (D:2)
  3 leopard geckos
  33 orcs
  7 giant cockroaches
  11 hobgoblins
  13 jackals
  26 kobolds
  9 quokkas
  5 bats
  7 frilled lizards
  14 goblins
  A jackal zombie (D:8)
  A quokka skeleton (D:7)
  11 rats
263 creatures vanquished.

Vanquished Creatures (others)
  4 killer bee zombies (D:9)
  A mummy (D:9)
  A scorpion zombie (D:9)
6 creatures vanquished.

Grand Total: 269 creatures vanquished

Notes
Turn   | Place    | Note
-------+----------+-------------------------------------------
     0 | D:1      | operationiv the Troll Monk began the quest for the Orb.
     0 | D:1      | Reached XP level 1. HP: 22/22 MP: 0/0
    99 | D:1      | Reached XP level 2. HP: 23/29 MP: 1/1
   499 | D:2      | Reached XP level 3. HP: 36/36 MP: 2/2
   539 | D:2      | Reached skill level 4 in Unarmed Combat
   799 | D:2      | Reached XP level 4. HP: 39/44 MP: 3/3
   870 | D:2      | Reached skill level 1 in Maces & Flails
   893 | D:2      | Noticed Robin
   921 | D:2      | Killed Robin
   921 | D:2      | Reached skill level 3 in Fighting
   972 | D:2      | Noticed Natasha
   981 | D:2      | Killed Natasha
   981 | D:2      | Reached XP level 5. HP: 39/53 MP: 4/4
  1081 | D:2      | Reached skill level 2 in Maces & Flails
  1124 | D:2      | Noticed Natasha
  1131 | D:2      | Killed Natasha
  1131 | D:2      | Reached skill level 5 in Unarmed Combat
  1188 | D:2      | Found a runed door.
  1487 | D:3      | Found a faded altar of an unknown god.
  1547 | D:3      | Noticed Grinder
  1567 | D:3      | Paralysed by Grinder for 6 turns
  1585 | D:3      | HP: 12/53 [Grinder (4)]
  1586 | D:3      | Killed Grinder
  1586 | D:3      | Reached skill level 6 in Unarmed Combat
  1586 | D:3      | Reached XP level 6. HP: 14/62 MP: 5/5
  1687 | D:3      | Noticed Sigmund
  1705 | D:3      | Killed Sigmund
  1705 | D:3      | Reached skill level 4 in Fighting
  1705 | D:3      | Reached XP level 7. HP: 52/70 MP: 6/6
  1747 | D:3      | Found an opulent altar of Gozag.
  1750 | D:3      | Noticed Jessica
  1766 | D:3      | Killed Jessica
  1888 | D:3      | Noticed pooptown's ghost (amateur HOFi)
  1891 | D:3      | Reached skill level 7 in Unarmed Combat
  1906 | D:3      | HP: 14/70 [pooptown's ghost (16)]
  1908 | D:3      | Killed pooptown's ghost
  2550 | D:4      | Noticed Menkaure
  2571 | D:4      | Killed Menkaure
  2583 | D:4      | Reached skill level 8 in Unarmed Combat
  2583 | D:4      | Reached XP level 8. HP: 58/79 MP: 7/7
  2693 | D:4      | Reached skill level 5 in Fighting
  2693 | D:4      | Reached skill level 1 in Throwing
  2704 | D:4      | Noticed Blork the orc
  2715 | D:4      | Killed Blork the orc
  3017 | D:4      | Noticed Ijyb
  3033 | D:5      | Entered Level 5 of the Dungeon
  3091 | D:4      | Killed Ijyb
  3091 | D:4      | Reached skill level 2 in Throwing
  3114 | D:5      | Reached skill level 9 in Unarmed Combat
  3130 | D:5      | Found a glowing drain.
  3138 | Sewer    | Entered a sewer
  3254 | Sewer    | Noticed Purgy
  3259 | Sewer    | Killed Purgy
  3862 | D:5      | Found a shattered altar of Ashenzari.
  3892 | D:5      | Reached XP level 9. HP: 82/89 MP: 8/8
  3955 | D:5      | Reached skill level 3 in Throwing
  4454 | D:6      | Found a staircase to the Ecumenical Temple.
  4473 | Temple   | Entered the Ecumenical Temple
  4599 | Temple   | Became a worshipper of Yredelemnul the Dark
  4599 | Temple   | Reached * piety under Yredelemnul
  4599 | Temple   | Reached ** piety under Yredelemnul
  4991 | D:6      | Reached skill level 6 in Fighting
  5026 | D:6      | Reached skill level 10 in Unarmed Combat
  5718 | D:6      | Reached skill level 4 in Throwing
  5960 | D:7      | Reached *** piety under Yredelemnul
  5980 | D:7      | Reached skill level 5 in Throwing
  6087 | D:7      | Reached skill level 7 in Fighting
  6396 | D:8      | Found a shattered altar of Ashenzari.
  6620 | D:8      | Received a gift from Yredelemnul (a mummy)
  6913 | D:8      | Reached XP level 10. HP: 102/102 MP: 9/9
  7163 | D:8      | Reached skill level 1 in Invocations
  7409 | D:9      | Got a heavily runed brass ring
  7543 | D:9      | Reached skill level 6 in Throwing
  7583 | D:9      | Received a gift from Yredelemnul (a mummy)
  7589 | D:9      | Reached skill level 2 in Invocations
  7710 | D:9      | Noticed a death yak
  7714 | D:9      | Noticed a death yak
  7714 | D:9      | Noticed a death yak
  7822 | D:9      | Identified the ring "Wezuler" {rC- rN+ Str+3 Int+3} (You found it on level 9 of the Dungeon)
  7858 | D:9      | Found a staircase to the Lair.
  7920 | D:8      | Reached **** piety under Yredelemnul
  8130 | D:9      | Killed a death yak
  8130 | D:9      | Reached skill level 8 in Fighting
  8130 | D:9      | Reached skill level 3 in Invocations
  8141 | D:9      | Killed a death yak
  8141 | D:9      | Reached skill level 7 in Throwing
  8146 | D:9      | HP: 25/104 [death yak (16)]
  8153 | D:9      | HP: 23/104 [death yak (11)]
  8156 | D:9      | HP: 2/104 [death yak (23)]
  8157 | D:9      | Demolished by a death yak

Vault maps used:
D:1:      nzn_arrival_depleted_hourglass
D:2:      minmay_circled_x, uniq_robin, uniq_natasha, uniq_crazy_yiuf_cottage
D:3:      wad_lake_hut, chequers_ecumenical_altar_simple_redux, first_ration,
          nicolae_gozag_seed_capital, uniq_jessica, uniq_sigmund, uniq_grinder
D:4:      uniq_ijyb, uniq_blork_the_orc, uniq_menkaure
D:5:      portal_sewer_entry_e, evilmike_ruin_ashenzari
D:6:      minmay_temple_entry_junction_2
D:8:      kennysheep_little_box
D:9:      dpeg_lair_monsters
Temple:   kilobyte_greek_temple
Sewer:    kennysheep_door_sewer

Skill      XL: |  1  2  3  4  5  6  7  8  9 10 |
---------------+-------------------------------+-----
Unarmed Combat | 4 6 8 9 10 | 10.0
Maces & Flails | 1 2 |  2.0
Fighting       | 3 4 5 7 8 |  8.2
Throwing       | 2 5 7 |  7.0
Invocations    | 3 |  3.8
Dodging        | |  2.4
Stealth        | |  1.0

Action                   |  1- 3 |  4- 6 |  7- 9 | 10-12 || total
-------------------------+-------+-------+-------+-------++-------
Melee: Unarmed           |    36 |       |   298 |   125 ||   459
       Whip              |    67 |   115 |    19 |       ||   201
       Punch             |       |     4 |    12 |     5 ||    21
Throw: Tomahawk          |       |       |    98 |    32 ||   130
       Javelin           |       |       |    64 |    15 ||    79
Invok: Injury Mirror     |       |       |       |     1 ||     1
       Animate Dead      |       |       |       |     1 ||     1
  Use: Potion            |       |       |     2 |     6 ||     8
 Stab: Distracted        |     1 |     1 |     1 |       ||     3
       Sleeping          |     2 |     2 |     4 |       ||     8
  Eat: Chunk             |    13 |     8 |    49 |    11 ||    81
Armor: Robe              |    35 |    41 |    35 |       ||   111
       Troll leather arm |       |       |    63 |    44 ||   107
Dodge: Dodged            |    57 |    61 |   174 |    71 ||   363

Table legend:
 A = Spawn XP
 B = Non-spawn XP
 C = Spawn XP percentage of total XP
 D = Spawn monster count
 E = Non-spawn monster count
 F = Spawn count percentage of total count
 G = Total turns spent on level
                    A         B        C        D         E        F      G
               +---------+---------+-------+---------+---------+-------+---------
         Total |       0 |    9075 |   0.0 |       0 |     263 |   0.0 |  8157
               +---------+---------+-------+---------+---------+-------+---------
           D:1 |       0 |      36 |   0.0 |       0 |      22 |   0.0 |   489
           D:2 |       0 |     247 |   0.0 |       0 |      43 |   0.0 |   996
           D:3 |       0 |     917 |   0.0 |       0 |      26 |   0.0 |  1014
           D:4 |       0 |     997 |   0.0 |       0 |      20 |   0.0 |   751
           D:5 |       0 |     647 |   0.0 |       0 |      27 |   0.0 |  1028
           D:6 |       0 |     806 |   0.0 |       0 |      27 |   0.0 |  1146
           D:7 |       0 |    1091 |   0.0 |       0 |      35 |   0.0 |   603
           D:8 |       0 |    1052 |   0.0 |       0 |      31 |   0.0 |  1013
           D:9 |       0 |    3148 |   0.0 |       0 |      27 |   0.0 |   800
         Sewer |       0 |     134 |   0.0 |       0 |       5 |   0.0 |   154
               +---------+---------+-------+---------+---------+-------+---------

Vault maps used:
D:1:      nzn_arrival_depleted_hourglass
D:2:      minmay_circled_x, uniq_robin, uniq_natasha, uniq_crazy_yiuf_cottage
D:3:      wad_lake_hut, chequers_ecumenical_altar_simple_redux, first_ration,
          nicolae_gozag_seed_capital, uniq_jessica, uniq_sigmund, uniq_grinder
D:4:      uniq_ijyb, uniq_blork_the_orc, uniq_menkaure
D:5:      portal_sewer_entry_e, evilmike_ruin_ashenzari
D:6:      minmay_temple_entry_junction_2
D:8:      kennysheep_little_box
D:9:      dpeg_lair_monsters
Temple:   kilobyte_greek_temple
Sewer:    kennysheep_door_sewer

Table legend:
 A = Turns spent in this place as a percentage of turns spent in the entire game.
 B = Non-inter-level travel turns spent in this place as a percentage of non-inter-level travel turns spent in the entire game.
 C = Inter-level travel turns spent in this place as a percentage of turns spent in this place.
 D = Turns resting spent in this place as a percentage of non-inter-level travel turns spent in this place.
 E = Turns spent auto-exploring this place as a percentage of non-inter-level travel turns spent in this place.
 F = Non-inter-level travel turns spent in this place divided by the number of levels of this place that you've seen.
                   A       B       C       D       E      F
               +-------+-------+-------+-------+-------+----------------------
         Total | 100.0 | 100.0 |   4.6 |  10.4 |  67.8 | 707.1
       Dungeon |  96.1 |  96.4 |   4.4 |  10.8 |  67.5 | 833.0
        Temple |   2.0 |   1.6 |  22.1 |   0.0 |  94.5 | 127.0
         Sewer |   1.9 |   2.0 |   0.0 |   0.0 |  61.0 | 154.0
               +-------+-------+-------+-------+-------+----------------------

Table legend:
 A = Kills in this place as a percentage of kills in entire the game.
 B = Kills by you in this place as a percentage of kills by you in the entire game.
 C = Kills by friends in this place as a percentage of kills by friends in the entire game.
 D = Other kills in this place as a percentage of other kills in the entire game.
 E = Experience gained in this place as a percentage of experience gained in the entire game.
 F = Experience gained in this place divided by the number of levels of this place that you have seen.
                   A       B       C       D       E      F
               +-------+-------+-------+-------+-------+----------------------
         Total | 100.0 | 100.0 |   N/A |   N/A | 100.0 | 825.0
       Dungeon |  98.1 |  98.1 |   N/A |   N/A |  98.5 | 993.4
         Sewer |   1.9 |   1.9 |   N/A |   N/A |   1.5 | 134.0
               +-------+-------+-------+-------+-------+----------------------
